 Dungeon Crawl Stone Soup version 0.18-a0-1180-g64ccc1e (webtiles) character file.

118 kae the Insei (level 4, -7/35 HPs)
             Began as a Demonspawn Monk on Jan 27, 2016.
             Mangled by an orc
             ... wielding a +1 whip of electrocution
              (11 damage)
             ... on level 3 of the Dungeon.
             The game lasted 00:01:53 (2978 turns).

kae the Insei (Demonspawn Monk)                     Turns: 2978, Time: 00:01:53

Health: -7/35      AC:  3    Str: 11    XL:     4   Next: 72%
Magic:  4/4        EV: 13    Int: 12    God:
Gold:   61         SH:  0    Dex: 16    Spells: 0 memorised, 3 levels left

rFire  . . .     SeeInvis .       - Unarmed
rCold  . . .     Gourm    .     a - +0 robe
rNeg   . . .     Faith    .     (no shield)
rPois  .         Spirit   .     (no helmet)
rElec  .         Dismiss  .     c - +0 cloak
rCorr  .         Reflect  .     (no gloves)
SustAt .         Harm     .     (no boots)
MR     .....                    (no amulet)
Stlth  +++.......               (no ring)
                                (no ring)

@: not resistant to hostile enchantments, fairly stealthy
A: hooves 1, nightstalker 1
a: no special abilities


You were on level 3 of the Dungeon.
You were hungry.

You visited 1 branch of the dungeon, and saw 3 of its levels.

You collected 61 gold pieces.

Inventory:

Armour
 a - a +0 robe (worn)
 c - a +0 cloak (worn)
Scrolls
 d - 2 scrolls of identify {unknown}
 e - a scroll of teleportation {unknown}
 h - a scroll of blinking {unknown}
 k - a scroll of remove curse {unknown}
Potions
 i - a potion of might {unknown}
 j - a potion of curing {unknown}
 l - a potion of magic {unknown}
Comestibles
 b - 2 bread rations
 f - a meat ration
 g - 3 beef jerkies


   Skills:
 - Level 3.0 Fighting
 - Level 2.6 Dodging
 - Level 1.7 Stealth
 + Level 5.6 Unarmed Combat


You had 3 spell levels left.
You didn't know any spells.

Dungeon Overview and Level Annotations

Branches:
Dungeon (3/15)

Altars:
Cheibriados
Gozag
Kikubaaqudgha
Sif Muna


Innate Abilities, Weirdness & Mutations

You have large cloven feet.
You are slightly more attuned to the shadows.


Message History

* * * LOW HITPOINT WARNING * * *
You are too injured to fight recklessly!
You are too injured to fight recklessly!
You are too injured to fight recklessly!
You are too injured to fight recklessly!
You are too injured to fight recklessly!
You are too injured to fight recklessly!
You are too injured to fight recklessly!
You are too injured to fight recklessly!
You closely miss the orc. You kick the orc, but do no damage.
The orc is almost dead.
The orc hits you with a whip of electrocution.
* * * LOW HITPOINT WARNING * * *
You barely miss the orc.
The orc is almost dead.
The rat closely misses you.
The orc hits you with a whip of electrocution.
* * * LOW HITPOINT WARNING * * *
You are electrocuted!
You die...

#.......
.#......#
.(.....##.
#....$....
#........#
#######$.......#
#........r.....#
#.######.@.....#
######.#
#..o....#
#......#
#....?..#
#.######
#.......# #.#
#.......#########
#.#
#.......#..[....#
###.#
#########.......#
....# #.......#
##### #>......#


You could see an orc and a rat.

Vanquished Creatures
  Crazy Yiuf (D:2)
  3 adders (D:2)
  An ooze (D:2)
  2 worms (D:2)
  2 giant geckos
  3 giant cockroaches
  7 goblins
  5 hobgoblins
  4 jackals (D:2)
  4 kobolds
  A quokka (D:2)
  A ball python (D:2)
  5 bats
  3 giant newts
  7 rats
49 creatures vanquished.

Notes
Turn   | Place    | Note
--------------------------------------------------------------
     0 | D:1      | kae the Demonspawn Monk began the quest for the Orb.
     0 | D:1      | Reached XP level 1. HP: 18/18 MP: 1/1
   348 | D:1      | Reached skill level 4 in Unarmed Combat
   421 | D:1      | Gained mutation: You have large cloven feet. [demonic ancestry]
   421 | D:1      | Reached XP level 2. HP: 21/24 MP: 2/2
  1317 | D:2      | Reached XP level 3. HP: 19/29 MP: 3/3
  1351 | D:2      | Found a deep blue altar of Sif Muna.
  1353 | D:2      | Found a snail-covered altar of Cheibriados.
  1357 | D:2      | Found an ancient bone altar of Kikubaaqudgha.
  1391 | D:2      | Noticed Crazy Yiuf
  1410 | D:2      | Killed Crazy Yiuf
  1410 | D:2      | Reached skill level 5 in Unarmed Combat
  2013 | D:2      | Gained mutation: You are slightly more attuned to the shadows. [demonic ancestry]
  2013 | D:2      | Reached XP level 4. HP: 26/35 MP: 4/4
  2852 | D:2      | Found an opulent altar of Gozag.
  2978 | D:3      | Mangled by an orc

Vault maps used:
D:1:      erik_arrival_cave_to_civilisation, serial_bayou_ford_a, minivault_11
D:2:      marbit_many_paths, grunt_temple_overflow_open, uniq_crazy_yiuf_cottage
D:3:      ecumenical_altar_2, serial_curves, eino_curves_03, eino_curves_01,
          uniq_robin

Action                   |  1- 3 |  4- 6 || total
-------------------------+-------+-------++-------
Melee: Unarmed           |   142 |    55 ||   197
  Use: Scroll            |     1 |       ||     1
       Potion            |     4 |       ||     4
 Stab: Sleeping          |     2 |     8 ||    10
  Eat: Chunk             |     3 |     3 ||     6
